 Dungeon Crawl Stone Soup version 0.25-a0-869-g05d4e06a41 (webtiles) character file.

Game seed: 8145003661216931745, levelgen mode: deterministic

7 Maedhros the Charlatan (level 2, -1/18 HPs)
             Began as an Octopode Artificer on May 1, 2020.
             Slain by a hobgoblin
             ... wielding a +0 club
              (4 damage)
             ... on level 1 of the Dungeon.
             The game lasted 00:00:17 (94 turns).

Maedhros the Charlatan (Octopode Artificer)           Turns: 94, Time: 00:00:18

Health: -1/18      AC:  1    Str: 11    XL:     2   Next: 4%
Magic:  4/4        EV: 13    Int: 13    God:
Gold:   0          SH:  0    Dex: 12    Spells: 1/1 levels left

rFire    . . .     SeeInvis .   g - +0 short sword (venom)
rCold    . . .     Gourm    .   (no shield)
rNeg     . . .     Faith    .   (helmet restricted)
rPois    .         Spirit   .   (no amulet)
rElec    .         Reflect  .   (no ring)
rCorr    .         Harm     .   (no ring)
MR       .....                  (no ring)
Stlth    +++.......             (no ring)
HPRegen  0.06/turn              (no ring)
MPRegen  0.09/turn              (no ring)
                                (no ring)
                                (no ring)

@: no status effects
A: almost no armour, stealthy swim, amphibious, 8 rings, constrict 8, camouflage
1, gelatinous body 1
a: no special abilities


You were on level 1 of the Dungeon.
You were not hungry.

You visited 1 branch of the dungeon, and saw 1 of its levels.

Inventory:

Hand Weapons
 a - a +0 short sword
 g - a +0 short sword of venom (weapon)
Wands
 b - a wand of flame (15)
 c - a wand of enslavement (15)
 d - a wand of random effects (15)
Potions
 e - a potion of haste {unknown}
Comestibles
 f - a ration


   Skills:
 - Level 1.0 Fighting
 - Level 1.0 Short Blades
 - Level 2.0 Dodging
 + Level 3.0 Stealth
 - Level 3.2 Evocations


You had one spell level left.
You didn't know any spells.
Your spell library was empty.

Dungeon Overview and Level Annotations

Branches:
Dungeon (1/15)

Altars:


Innate Abilities, Weirdness & Mutations

You cannot wear most types of armour.
You are very stealthy in the water. (Stealth+)
You are amphibious.
You can wear up to eight rings at the same time.
You can use your tentacles to constrict eight enemies at once.
Your skin changes colour to match your surroundings (Stealth+).
Your rubbery body absorbs attacks. (AC +1, EV +1)


Message History

You grab the jackal. You constrict the jackal. The jackal barely misses you.
You hit the jackal.
You kill the jackal!
You hit the jackal.
The jackal is poisoned.
Your grab misses the jackal. Your squeeze misses the jackal.
The jackal is heavily wounded.
The jackal bites you.
* * * LOW HITPOINT WARNING * * *
You closely miss the jackal. You grab the jackal. You squeeze the jackal.
You kill the jackal!
Your Stealth skill increases to level 3!
You have reached level 2!
You barely miss the hobgoblin. You grab the hobgoblin.
You constrict the hobgoblin, but do no damage.
The hobgoblin misses you.
You hit the hobgoblin but do no damage.
The hobgoblin is poisoned.
You constrict the hobgoblin.
A frilled lizard comes into view.
The hobgoblin hits you with a +0 club.
You die...

........h.........
............h.....
..........[.......
...............l#
................#
..........g.....##
...#######........ .
######........
#########...@g........
#.......#.###################
#.......#.# #...#.(P#...#P<.#
#.......#.# #...#...#...#...#
#.......#.####'###'###†###'##
#..........(#.......†.......#
###..[....(.'.......##......#
#####....##..............P#
###...##+###'###'###'##


You could see a hobgoblin and a frilled lizard (wandering).

Vanquished Creatures
  A giant cockroach (D:1)
  2 jackals (D:1)
  A kobold (D:1)
  3 rats (D:1)
7 creatures vanquished.

Notes
Turn   | Place    | Note
-------+----------+-------------------------------------------
     0 | D:1      | Maedhros the Octopode Artificer began the quest for the
                  | Orb.
     0 | D:1      | Reached XP level 1. HP: 13/13 MP: 3/3
    92 | D:1      | Reached XP level 2. HP: 3/18 MP: 4/4
    94 | D:1      | Slain by a hobgoblin

Levels and vault maps discovered:
D:1:      dpeg_arrival_prison, layout_basic, ashenzari_altar_1

Skill      XL: |  1 |
---------------+----+-----
Stealth        | 3 |  3.0
Fighting       | |  1.0
Short Blades   | |  1.0
Dodging        | |  2.0
Evocations     | |  3.2

Action                   || total
-------------------------++-------
Melee: Short sword       ||    12
       Constrict         ||     4
       Tentacles         ||     2
Dodge: Dodged            ||     7

Table legend:
 A = Non-vault XP
 B = Vault XP
 C = Vault XP percentage of total XP
 D = Non-vault monster count
 E = Vault monster count
 F = Vault count percentage of total count
                 A         B        C        D         E       F
            +---------+---------+-------+---------+---------+-------
      Total |       6 |       5 |  45.5 |       3 |       4 |  57.1
            +---------+---------+-------+---------+---------+-------
        D:1 |       6 |       5 |  45.5 |       3 |       4 |  57.1
            +---------+---------+-------+---------+---------+-------
